 Dungeon Crawl Stone Soup version 0.31-a0-369-g8eba5f6939 (webtiles) character file.

Game seed: 1179746521419549174

71 zazu2006 the Sneak (level 4, 0/38 HPs)
             Began as a Gnoll Wanderer on July 28, 2023.
             Killed from afar by Sigmund (5 damage)
             ... with a magic dart
             ... on level 2 of the Dungeon.
             The game lasted 00:03:48 (1360 turns).

zazu2006 the Sneak (Gnoll Wanderer)                 Turns: 1360, Time: 00:03:49

Health: 0/38       AC:  3    Str: 12    XL:     4   Next: 24%
Magic:  1/11       EV: 11    Int: 12    God:
Gold:   103        SH:  0    Dex: 12    Spells: 12/13 levels left

rFire   + . .        a - +2 dagger
rCold   + . .        (no shield)
rNeg    . . .        e - +0 robe
rPois   +            (no helmet)
rElec   +            (no cloak)
rCorr   +            h - +0 pair of gloves
SInv    .            (no boots)
Will    .....        (no amulet)
Stlth   +++          (no ring)
HPRegen 0.26/turn    (no ring)
MPRegen 0.12/turn

%: no passive effects
@: resistant, attractive
A: fangs 1, strong nose, distributed training
a: no special abilities


You were on level 2 of the Dungeon.
You visited 1 branch of the dungeon, and saw 2 of its levels.

You collected 103 gold pieces.

Inventory:

Hand Weapons
 a - a +2 dagger (weapon)
Armour
 e - a +0 robe (worn)
 h - a +0 pair of gloves (worn)
Magical Staves
 m - the staff "Heoploe" {rCorr Earth}
   (You found it on level 2 of the Dungeon)

   [staff of earth]

   Base accuracy: +5 Base damage: 5 Base attack delay: 1.2 This weapon's minimum
   attack delay (0.6) is reached at skill level 12.
   rCorr:     It protects you from acid and corrosion.
   Earth:     It increases the power of your Earth spells.
   It falls into the 'Staves' category.
   It is a one-handed weapon.
Scrolls
 c - 2 scrolls of fog
 f - a scroll of noise {unknown}
 j - a scroll of amnesia
 k - a scroll of teleportation
 n - a scroll of vulnerability {unknown}
Potions
 i - 2 potions of brilliance


   Skills:
 + Level 4.6 Fighting
 + Level 1.1 Short Blades
 + Level 1.1 Long Blades
 + Level 1.1 Axes
 + Level 1.1 Maces & Flails
 + Level 1.1 Polearms
 + Level 1.1 Staves
 + Level 1.1 Ranged Weapons
 + Level 1.1 Throwing
 + Level 1.1 Armour
 + Level 1.1 Dodging
 + Level 6.0 Stealth
 + Level 1.1 Shields
 + Level 1.1 Unarmed Combat
 + Level 5.0 Spellcasting
 + Level 0.8 Conjurations
 + Level 0.8 Hexes
 + Level 0.8 Summonings
 + Level 0.8 Necromancy
 + Level 0.8 Translocations
 + Level 0.8 Transmutations
 + Level 3.8 Fire Magic
 + Level 0.8 Ice Magic
 + Level 0.8 Air Magic
 + Level 0.8 Earth Magic
 + Level 0.8 Poison Magic
 + Level 2.8 Invocations
 + Level 1.1 Evocations
 + Level 0.8 Shapeshifting


You had 12 spell levels left.
You knew the following spells:

 Your Spells              Type           Power      Damage    Failure   Level
a - Foxfire               Conj/Fire      32%        2x1d5     8%          1

Your spell library contained the following spells:

 Spells                   Type           Power      Damage    Failure   Level
 Inner Flame              Hex/Fire       8%         N/A       22%         3


Dungeon Overview and Level Annotations

Branches:
Dungeon (2/15)

Altars:

Shops:
D:2 (

Annotations:
D:2 Sigmund


Innate Abilities, Weirdness & Mutations

You have very sharp teeth.
Your uncanny sense of smell can sniff out nearby items.
Your experience applies equally to all skills.


Message History

You conjure some foxfire!
Something hits you but does no damage.
Unknown command.
The foxfire hits something but does no damage. x2
A magic dart appears from out of thin air!
The magic dart hits you!
You aren't carrying any items that you can evoke.
Okay, then.
It was a potion of resistance.
You feel protected. Something hits you!
Casting: Foxfire (safe; 8% risk of failure)
Confirm with . or Enter, or press ? or * to list all spells.
You conjure some foxfire!
The foxfire hits something. x2; Something hits you!
* * * LOW HITPOINT WARNING * * *
Your magical contamination has completely faded away.
It was a potion of attraction.
You feel attractive to monsters.
A magic dart appears from out of thin air!
The magic dart hits you.
* * * LOW HITPOINT WARNING * * *
Something is attracted toward you.
Blink to where?
Press: ? - help, Dir - move target
As you read the scroll of blinking, it crumbles to dust.
Something is attracted toward you.
Okay, then.
You aren't carrying any items that you can evoke.
Okay, then.
As you read the scroll labelled OKHOASOCWI, it crumbles to dust.
It is a scroll of identify.
j - a scroll of amnesia Something is attracted toward you.
You aren't carrying any items that you can evoke.
As you read the scroll of identify, it crumbles to dust.
k - a scroll of teleportation You hear some strange, mumbled words.
A magic dart appears from out of thin air!
The magic dart hits you.
You die...

#.# #.#.#########.# #.#.# #..#
..####........§).#.# #.#.# #..#
.......<.#.#####§#.# #.#.# #..#
###.##.### #.#.#####.#.###...
.......###.#####..>.........###.#
...................#####.#..# #.#
###.#..#########§### ##.#..# #.#
# #.#..# #{# #.....###.# ###.#..#
#@# #..##...... ....#..# #.#
#.......... .####..# #.#
###.######### .###...####### #..
..#.# .............# ### #.#.#
.###.#######.########.#.# .# #.#
##.##....##.#.# .# #.#
##.............# .# #.#
##..#..PP...#.######


There were no monsters in sight!

Vanquished Creatures
  4 gnolls (D:2)
  An adder (D:2)
  A worm (D:2)
  2 ball pythons (D:2)
  2 endoplasms
  A giant cockroach (D:2)
  2 goblins (D:2)
  4 hobgoblins
  2 kobolds
  A bat (D:2)
  A rat (D:1)
21 creatures vanquished.

Vanquished Creatures (others)
  94 foxfires
94 creatures vanquished.

Grand Total: 115 creatures vanquished

Notes
Turn   | Place    | Note
-------+----------+-------------------------------------------
     0 | D:1      | zazu2006 the Gnoll Wanderer began the quest for the Orb.
     0 | D:1      | zazu2006 set off with the following items: a +2 dagger, a
                  | scroll of blinking, a scroll of fog, a potion of
                  | invisibility, a +0 robe; and the following spell memorised:
                  | Foxfire; and the following spells available to memorise:
                  | Inner Flame.
     0 | D:1      | Reached XP level 1. HP: 20/20 MP: 6/6
     3 | D:1      | Noticed an electric eel
     5 | D:1      | Noticed an electric eel
   432 | D:2      | Reached XP level 2. HP: 26/26 MP: 4/7
   523 | D:2      | Found Peci's Antique Weapon Shop.
   670 | D:2      | Identified the staff "Heoploe" {rCorr Earth}
   784 | D:2      | Reached skill level 5 in Spellcasting
   784 | D:2      | Reached XP level 3. HP: 31/31 MP: 6/9
   840 | D:2      | Reached skill level 6 in Stealth
   846 | D:2      | Reached skill level 1 in Short Blades
   846 | D:2      | Reached skill level 1 in Long Blades
   846 | D:2      | Reached skill level 1 in Axes
   846 | D:2      | Reached skill level 1 in Maces & Flails
   846 | D:2      | Reached skill level 1 in Polearms
   846 | D:2      | Reached skill level 1 in Staves
   846 | D:2      | Reached skill level 1 in Ranged Weapons
   846 | D:2      | Reached skill level 1 in Throwing
   846 | D:2      | Reached skill level 1 in Armour
   846 | D:2      | Reached skill level 1 in Dodging
   846 | D:2      | Reached skill level 1 in Shields
   846 | D:2      | Reached skill level 1 in Unarmed Combat
   846 | D:2      | Reached skill level 1 in Evocations
  1290 | D:2      | Reached XP level 4. HP: 38/38 MP: 6/11
  1336 | D:2      | Noticed Sigmund
  1360 | D:2      | Killed from afar by Sigmund

Illustrated notes

Levels and vault maps discovered:
D:1:      arrival_aquarium_b, layout_rooms
D:2:      layout_loops_ring, serial_shops, nicolae_shop_tiny_waterfront,
          serial_park_tiny_1, minmay_misc_feat_x, uniq_sigmund

Skill      XL: |  1  2  3 |
---------------+----------+-----
Spellcasting   | 5 |  5.0
Stealth        | 6 |  6.0
Short Blades   | 1 |  1.1
Long Blades    | 1 |  1.1
Axes           | 1 |  1.1
Maces & Flails | 1 |  1.1
Polearms       | 1 |  1.1
Staves         | 1 |  1.1
Ranged Weapons | 1 |  1.1
Throwing       | 1 |  1.1
Armour         | 1 |  1.1
Dodging        | 1 |  1.1
Shields        | 1 |  1.1
Unarmed Combat | 1 |  1.1
Evocations     | 1 |  1.1
Fighting       | |  4.6
Conjurations   | |  0.8
Hexes          | |  0.8
Summonings     | |  0.8
Necromancy     | |  0.8
Translocations | |  0.8
Transmutations | |  0.8
Fire Magic     | |  3.8
Ice Magic      | |  0.8
Air Magic      | |  0.8
Earth Magic    | |  0.8
Poison Magic   | |  0.8
Invocations    | |  2.8
Shapeshifting  | |  0.8

Action                     |  1- 3 |  4- 6 || total
---------------------------+-------+-------++-------
  Melee: Dagger            |     3 |       ||     3
   Cast: Foxfire           |    48 |    11 ||    59
    Use: Potion            |     2 |     3 ||     5
         Scroll            |       |     3 ||     3
   Stab: Sleeping          |     1 |       ||     1
 Armour: Robe              |     3 |     1 ||     4
  Dodge: Dodged            |     9 |       ||     9

Table legend: (Time is in decaauts)
 A = Elapsed time spent in this place.
 B = Non-inter-level travel time spent in this place.
 C = Inter-level travel time spent in this place.
 D = Time resting spent in this place.
 E = Time spent auto-exploring this place.
 F = Levels seen in this place.
 G = Mean time per level.
                   A        B        C        D        E       F      G
               +--------+--------+--------+--------+--------+-----+--------+
         Total |   1359 |   1349 |     10 |     29 |   1076 |   2 |  679.5 |
       Dungeon |   1359 |   1349 |     10 |     29 |   1076 |   2 |  679.5 |
               +--------+--------+--------+--------+--------+-----+--------+

Top non-repeatable levels by time:
     D:2: 945 daAuts
     D:1: 414 daAuts
